Map: Zen LE

Players

Tunkon

  • Race: Zerg Zerg
  • League: Platinum
  • Spawn Location: 7:00

Deathstalker - Winner!

  • Race: Terran Terran
  • League: Diamond
  • Spawn Location: 1:00

VOD

Have the link to the VOD?

Description

Time

  • Played on: Feb. 12, 2020, 12:34 a.m.
  • Length: 20:18
Show
View Real Time Build Order
Export as new Build Order

Tunkon Zerg 

Build Orders: Hatch First, Lurkers, Roach Hydra 

Get SALT Encoding   

  12  0:01  Drone  
  13  0:13  Overlord  
  13  0:17  Drone  
  14  0:31  Drone x2  
  16  0:50  Hatchery  
  16  0:53  Drone  
  16  0:56  Drone  
  17  1:00  Drone  
  18  1:04  Extractor  
  17  1:16  Spawning Pool  
  16  1:19  Drone  
  16  1:23  Drone  
  18  1:33  Drone  
  18  1:39  Drone  
  20  1:52  Drone  
  21  2:00  Overlord  
  21  2:03  Queen x2  
  25  2:09  Metabolic Boost  
  25  2:14  Drone  
  26  2:21  Zergling x4  
  28  2:23  Drone  
  28  2:25  Drone  
  30  2:32  Overlord  
  30  2:34  Drone  
  31  2:52  Hatchery  
  31  2:54  Drone x2  
  32  3:00  Queen  
  34  3:06  Drone x2  
  34  3:08  Drone  
  34  3:11  Drone  
  38  3:17  Drone  
  38  3:18  Drone  
  40  3:26  Overlord  
  40  3:29  Drone x4  
  44  3:37  Roach Warren  
  43  3:43  Evolution Chamber  
  43  3:44  Evolution Chamber  
  43  3:47  Drone x3  
  45  4:02  Drone  
  45  4:03  Drone x3  
  45  4:09  Spore Crawler  
  47  4:11  Drone  
  47  4:12  Drone  
  47  4:17  Zerg Missile Weapons Level 1  
  49  4:23  Queen  
  49  4:24  Queen  
  53  4:32  Roach  
  53  4:33  Roach  
  53  4:34  Overlord x2  
  53  4:38  Lair  
  57  4:40  Drone  
  58  4:46  Extractor x2  
  58  4:47  Extractor  
  58  4:49  Extractor  
  58  4:50  Spore Crawler  
  53  4:55  Drone x2  
  53  4:56  Drone x4  
  53  4:57  Drone x6  
  53  4:59  Overlord  
  65  5:08  Overlord  
  65  5:16  Drone x2  
  65  5:17  Drone x2  
  65  5:18  Drone x2  
  65  5:20  Drone x2  
  73  5:44  Drone x2  
  73  5:45  Drone x2  
  77  5:50  Extractor, Zerg Ground Armor Level 1  
  77  5:53  Glial Reconstitution, Hydralisk Den  
  77  5:54  Roach x3  
  81  6:02  Drone  
  81  6:03  Drone x4  
  81  6:04  Overlord x3  
  86  6:18  Roach  
  86  6:19  Roach  
  90  6:29  Roach x4  
  98  6:33  Zerg Missile Weapons Level 2  
  98  6:36  Muscular Augments  
  98  6:57  Hydralisk x4  
  98  6:58  Hydralisk x2  
  110  7:14  Roach x2  
  114  7:16  Overlord x2  
  114  7:17  Overlord x3  
  113  7:42  Spire  
  112  7:45  Lurker Den  
  112  7:47  Infestation Pit, Grooved Spines  
  110  7:57  Hydralisk x7  
  124  8:27  Hive  
  124  8:28  Zerg Ground Armor Level 2  
  124  8:31  Zergling x22  
  135  9:18  Hydralisk  
  135  9:19  Hydralisk x2  
  135  9:20  Lurker  
  135  9:21  Lurker x4  
  148  9:24  Roach x3  
  152  9:38  Overlord x3  
  152  9:39  Overlord x3  
  152  9:42  Greater Spire  
  152  9:57  Viper  
  152  9:59  Viper  
  155  10:05  Zergling x12  
  164  10:10  Overlord  
  164  10:12  Overlord x2  
  164  10:16  Seismic Spines  
  164  11:06  Hatchery  
  119  11:57  Roach  
  119  11:58  Hydralisk x13, Roach x7  
  119  11:59  Hydralisk x6  
  156  12:34  Corruptor x2  
  156  12:35  Corruptor x4  
  156  12:36  Roach  
  170  12:39  Zergling x8  
  174  13:03  Viper, Extractor  
  174  13:04  Viper  
  179  13:07  Extractor  
  178  13:22  Brood Lord x2  
  182  13:27  Swarm Host, Zergling x2  
  182  13:28  Zergling x2  
  182  13:29  Zergling x26  
  130  14:46  Zergling x8  
  130  14:47  Zergling x34  
  136  15:04  Roach  
  136  15:05  Roach x3  
  113  15:40  Viper x3  
  122  15:48  Hydralisk  
  122  15:49  Hydralisk x3  
  130  15:50  Roach x2  
  130  15:51  Roach x2  
  130  15:55  Zerg Missile Weapons Level 3  
  138  16:03  Drone  
  139  16:04  Drone x2  
  141  16:15  Queen  
  141  16:16  Queen  
  145  16:21  Hydralisk x6  
  157  16:36  Hatchery  
  156  16:42  Drone  
  156  16:43  Drone  
  158  16:49  Roach x8  
  174  17:17  Corruptor x2  
  174  17:18  Corruptor x4  
  170  18:05  Hydralisk, Roach x4  
  130  18:06  Hydralisk x5, Roach x4  
  124  18:25  Roach  
  124  18:26  Roach x5  
  114  18:47  Hydralisk, Roach  
  114  18:48  Hydralisk x2, Roach x6  
  126  18:50  Zergling x16  
  138  19:04  Brood Lord x5  
  138  19:05  Brood Lord x2  
  116  19:19  Roach  
  116  19:20  Roach x10  
  111  19:45  Hydralisk x6, Roach x5  
Show
View Real Time Build Order
Export as new Build Order

Deathstalker Terran - Winner!

Build Orders: 2 Factory, Mech 

Get SALT Encoding   

  12  0:02  SCV  
  13  0:14  SCV  
  13  0:18  Supply Depot  
  14  0:26  SCV  
  15  0:41  Barracks  
  15  0:44  SCV  
  16  0:56  SCV  
  17  1:01  Refinery  
  17  1:06  Supply Depot  
  17  1:09  SCV  
  18  1:21  SCV  
  19  1:32  Marine  
  20  1:33  SCV  
  21  1:45  SCV  
  22  1:50  Marine  
  22  1:53  Command Center  
  23  2:01  Barracks  
  23  2:02  SCV  
  23  2:08  Marine  
  25  2:15  Orbital Command  
  25  2:26  Factory  
  25  2:32  Refinery  
  25  2:34  Marine  
  26  2:42  SCV  
  26  2:50  Marine  
  27  2:52  Marine  
  27  2:54  SCV  
  29  2:59  Supply Depot  
  29  3:11  Factory Tech Lab  
  29  3:12  Barracks Tech Lab  
  30  3:14  Barracks Reactor  
  30  3:18  Factory  
  29  3:24  Orbital Command, SCV  
  30  3:29  Hellion  
  30  3:31  Marine  
  33  3:40  SCV  
  34  3:45  Engineering Bay  
  34  3:50  SCV  
  34  3:52  SCV  
  36  4:02  Factory Tech Lab  
  36  4:09  Barracks Reactor  
  36  4:10  Hellion x2  
  36  4:12  Factory  
  40  4:17  Marine  
  40  4:19  SCV x2  
  40  4:22  Refinery  
  43  4:29  Supply Depot  
  43  4:30  Supply Depot  
  44  4:31  SCV  
  44  4:32  SCV  
  44  4:35  Marine  
  46  4:40  Hellion  
  46  4:42  Siege Tank  
  51  4:46  Hellion  
  53  4:53  Supply Depot  
  53  4:56  Supply Depot  
  53  4:57  SCV  
  53  4:58  SCV  
  55  5:08  Siege Tank  
  55  5:10  SCV  
  55  5:11  Refinery  
  55  5:12  SCV  
  60  5:18  Missile Turret  
  60  5:20  Missile Turret  
  60  5:33  Armory  
  60  5:36  SCV x2  
  60  5:37  Siege Tank  
  60  5:40  Missile Turret, Hellion  
  67  5:44  Hellion  
  67  5:47  Terran Infantry Weapons Level 1  
  67  5:49  Combat Shield  
  69  5:52  Marine  
  69  5:53  Marine  
  69  5:54  Marine  
  72  6:02  SCV x2  
  74  6:06  Siege Tank  
  74  6:10  Siege Tank  
  80  6:21  SCV x2  
  82  6:29  Command Center  
  82  6:33  SCV  
  82  6:35  Marine  
  82  6:36  Marine x2  
  86  6:48  Terran Vehicle Weapons Level 1  
  86  7:08  Thor, SCV x2  
  86  7:10  Supply Depot  
  86  7:11  Supply Depot  
  86  7:15  Supply Depot  
  90  7:31  Thor  
  90  7:33  SCV  
  90  7:34  SCV  
  98  7:41  Armory  
  98  7:46  SCV x2  
  98  7:51  Thor  
  106  8:00  Command Center  
  106  8:05  SCV x2  
  108  8:06  Refinery x2, Marine x2  
  108  8:09  Stimpack  
  110  8:13  Terran Infantry Armor Level 1  
  110  8:25  Thor  
  116  8:28  Missile Turret  
  116  8:29  Terran Vehicle And Ship Armor Level 1  
  116  8:33  Planetary Fortress  
  116  8:34  SCV  
  116  8:36  SCV  
  118  8:44  Terran Vehicle Weapons Level 2  
  118  8:45  Marine  
  118  8:46  Marine x2  
  123  8:48  Hellion  
  123  8:49  Hellion  
  123  8:51  Infernal Pre-Igniter  
  125  9:04  SCV x2  
  125  9:07  Sensor Tower  
  127  9:16  SCV  
  128  9:20  Orbital Command  
  128  9:27  SCV  
  128  9:28  SCV x2  
  128  9:29  Thor  
  128  9:30  Thor  
  143  9:32  Marine x3  
  146  9:42  Factory  
  146  9:43  Command Center  
  146  9:48  SCV x2  
  148  9:53  Supply Depot  
  148  9:54  Supply Depot  
  148  9:57  Missile Turret  
  148  9:58  Missile Turret  
  148  10:02  Sensor Tower  
  148  10:14  Marine  
  148  10:15  Marine x2, SCV  
  153  10:23  Factory  
  153  10:25  Factory  
  152  10:43  Command Center  
  152  10:46  Terran Vehicle And Ship Armor Level 2  
  152  10:47  Terran Infantry Weapons Level 2  
  152  10:50  Orbital Command  
  152  10:58  Starport  
  152  11:03  Orbital Command, Starport  
  152  11:08  Factory Tech Lab  
  152  11:09  Factory Tech Lab x2  
  152  11:14  Thor  
  152  11:15  Thor  
  164  11:32  Thor x2  
  176  11:33  Hellion  
  176  11:37  Starport Tech Lab  
  178  11:41  SCV  
  179  11:50  SCV x3  
  179  11:51  Hellion  
  179  11:54  Thor  
  161  11:55  Command Center  
  161  12:13  Raven, Starport Tech Lab  
  163  12:27  Thor x2  
  172  12:31  Refinery  
  172  12:33  Refinery  
  172  12:34  Orbital Command  
  172  12:46  Refinery  
  172  12:47  Refinery  
  172  12:48  Thor x2  
  172  12:50  Hellion x3  
  190  13:10  Hellion  
  192  13:20  SCV  
  192  13:21  SCV x3  
  192  13:22  Orbital Command  
  196  13:39  Hellbat x2  
  196  13:41  Refinery  
  200  13:43  Refinery  
  200  13:53  Refinery  
  200  13:54  Refinery  
  200  14:02  Planetary Fortress  
  197  14:13  Hellion  
  195  14:34  Hellbat  
  195  14:35  Hellbat, Raven  
  195  14:36  Raven  
  132  14:46  Thor x3  
  132  14:47  Hellion x2  
  112  14:55  Thor  
  112  14:56  Hellion  
  115  15:08  Thor  
  120  15:20  Hellion x2  
  120  15:29  Thor x3  
  136  15:36  SCV x3  
  136  15:37  SCV  
  136  15:39  Hellion  
  136  15:41  Hellion  
  136  15:42  Hellion  
  146  15:51  Thor  
  152  16:00  Hellion  
  152  16:03  Hellion x2  
  158  16:10  Marauder, Marine  
  158  16:11  Marine  
  162  16:12  Thor x3  
  180  16:21  Thor  
  180  16:24  Hellion x2  
  180  16:25  Raven x2  
  192  16:28  Terran Vehicle Weapons Level 3, Terran Vehicle And Ship Armor Level 3  
  192  16:29  Terran Infantry Armor Level 2  
  194  16:57  Supply Depot  
  194  17:00  Supply Depot  
  194  17:18  Raven x2  
  194  17:19  Marauder  
  200  17:38  Command Center  
  200  17:40  Command Center  
  200  17:53  Hellion  
  200  17:55  Thor  
  200  17:56  Thor x2  
  200  17:58  Thor  
  151  18:07  Thor  
  151  18:08  Hellion  
  150  18:14  Hellion  
  150  18:16  Raven  
  150  18:17  Raven  
  156  18:29  Hellion  
  158  18:36  Hellion  
  158  18:38  Thor  
  158  18:39  Thor x2  
  158  18:41  Thor  
  178  18:50  Hellion  
  178  18:51  Hellion  
  182  18:57  Hellion  
  182  19:01  Marauder, Marine x2  
  188  19:05  Raven  
  188  19:06  Raven  
  192  19:11  Thor  
  178  19:19  Marine  
  178  19:20  Thor  
  178  19:22  Marauder  
  185  19:31  Thor x2  
  185  19:32  Hellion  
Tags
 
Add a new tag
Caveats
  • Supply blocks, unpowered buildings, or Contaminate may cause inaccurate times.
  • Supply counts are checked every 10 seconds.